 Dungeon Crawl Stone Soup version 0.31-a0-102-g33a4ccc0cb (webtiles) character file.

Game seed: 12016877776517039133

117 kae the Changer (level 5, -3/37 HPs)
             Began as a Merfolk Transmuter on May 26, 2023.
             Slain by a sleepcap (21 damage)
             ... on level 3 of the Dungeon.
             The game lasted 00:02:21 (1668 turns).

kae the Changer (Merfolk Transmuter)                Turns: 1668, Time: 00:02:22

Health: -3/37      AC:  4    Str: 11    XL:     5   Next: 1%
Magic:  17/17      EV:  2    Int: 14    God:
Gold:   119        SH:  0    Dex: 14    Spells: 3/9 levels left

rFire   . .          .
                       - Unarmed
rCold   . . .        (no shield)
rNeg    . . .        a - +0 robe
rPois   .            (helmet currently unavailable)
rElec   .            f - +0 cloak
rCorr   .            e - +0 pair of gloves
SInv    .            (boots currently unavailable)
Will    .....        (no amulet)
Stlth   +            W - ring of magical power
HPRegen 0.26/turn    (no ring)
MPRegen 0.15/turn

%: no passive effects
@: appendages (expiring), sleeping
A: horns 2, (nimble swimmer 2), mertail
a: End Transformation


You were on level 3 of the Dungeon.
You had temporarily grown beastly horns.
You visited 1 branch of the dungeon, and saw 3 of its levels.

You collected 119 gold pieces.


Innate Abilities, Weirdness & Mutations

You have temporarily grown beastly horns.
((You are very nimble when in or above water. (Stealth+, EV+, Speed+++)))
Your lower body shifts to a powerful aquatic tail in water.


   Skills:
 - Level 1.1 Fighting
 - Level 2.6 Dodging
 + Level 3.9 Unarmed Combat
 + Level 2.6 Spellcasting
 * Level 4.7 Transmutations
 - Level 2.0 Poison Magic


You had 3 spell levels left.
You knew the following spells:

 Your Spells              Type           Power      Damage    Failure   Level
a - Beastly Appendage     Tmut           30%        N/A       3%          1
b - Wereblood             Tmut           15%        N/A       4%          2
c - Spider Form           Tmut/Pois      10%        N/A       19%         3

Your spell library contained the following spells:

 Spells                   Type           Power      Damage    Failure   Level
 Momentum Strike          Conj/Tloc      0%         3d8       36%         2
 Ice Form                 Ice/Tmut       7%         N/A       67%         4
 Iskenderun's Mystic Bla  Conj/Tloc      0%         2d3       95%         4
 Summon Forest            Summ/Tloc      0%         N/A       100%        5

Inventory:

Missiles
 g - 2 boomerangs
 j - 5 poisoned darts
 l - 39 stones
Armour
 a - a +0 robe (worn)
 e - a +0 pair of gloves (worn)
   (You found it on level 1 of the Dungeon)
 f - a +0 cloak (worn)
   (You found it on level 1 of the Dungeon)
Magical Staves
 o - a staff of earth {!a}
   (You found it on level 3 of the Dungeon)
Jewellery
 W - a ring of magical power (left hand)
   (You found it on level 2 of the Dungeon)
Scrolls
 h - a scroll of vulnerability {!r!r}
 m - 2 scrolls of magic mapping {!r}
 n - a scroll of identify {@r1}
 p - a scroll of noise {unknown}
Potions
 b - a potion of lignification {!q}
 c - a potion of invisibility
 d - a potion of attraction {!q}
 i - a potion of ambrosia {unknown}
 k - a potion of degeneration {!q}

Dungeon Overview and Level Annotations

Branches:
Dungeon (3/15) Zot: 16347

Altars:
Cheibriados
Nemelex Xobeh

Shops:
D:2

[ #+ #. ..###.###
......... ........#
# .....§.§# .#
...§§§.###..#.#. #
♣§.♣..@f...... ♣♣
♣§)♣♣.♣♣#.## .. ♣♣§
♣♣♣.♣(♣
♣♣.♣♣.♣.♣.§♣♣♣.♣♣♣♣
♣....♣..♣.§♣.♣.♣ ♣
...♣P.♣♣♣..♣...♣P♣
♣...8...♣...♣.♣.♣
..#.........♣..♣♣
♣.
..........♣P.♣..♣
♣.♣


You could see a sleepcap.


Message History

Confirm with . or Enter, or press ? or * to list all spells.
You extend your transformation's duration.
The adder misses you. 😎 MP[-1]
You lost 1 mp, and now have 15/16 mp.
You closely miss the adder. The adder barely misses you.
You closely miss the adder. The adder bites you but does no damage.
The adder bites you.
You are poisoned.
The adder poisons you! 😕 HP[-1]
You take 1 damage, and now have 31/32 hp.
An adder is nearby!
You barely miss the adder. You punch the adder.
You feel sick. The adder barely misses you.
You punch the adder!
You kill the adder!
You feel sick.
You have reached level 5!
You feel stronger. 😕 HP[+3]
You now have 37 max hp (+5).
You regained 3 hp, and now have 34/37 hp.
You feel sick.
You feel sick.
You feel sick.
You are no longer poisoned.
Your transformation is almost over.
Your horns disappear.
You now have 119 gold pieces (gained 9).
An endoplasm and a sleepcap come into view.
You see here a +0 whip. 😎 HP[+3] MP[+2]
Your hp is fully restored (37).
Your mp is fully restored (17).
Okay, then.
Casting: Beastly Appendage (safe; 3% risk of failure)
Confirm with . or Enter, or press ? or * to list all spells.
You grow a pair of large bovine horns.
The sleepcap releases spores at something!
The endoplasm quivers. 😎 MP[-1]
You lost 1 mp, and now have 16/17 mp.
The sleepcap releases spores at the plant.
You hit the endoplasm. You headbutt the endoplasm.
You kill the endoplasm!
Training target 2.0 for Poison Magic reached!
Your Poison Magic skill increases to level 2!
You hit the sleepcap but do no damage.
The sleepcap releases spores at you. 😕 HP[-6]
You take 6 damage, and now have 31/37 hp.
You hit the sleepcap.
A nearby plant withers and dies.
The sleepcap releases spores at you.
You are too injured to fight recklessly! 😮 HP[-6] MP[+1]
You take 6 damage, and now have 25/37 hp.
Your mp is fully restored (17).
You are too injured to fight recklessly!
You are too injured to fight recklessly!
Unknown command.
You are too injured to fight recklessly!
You are too injured to fight recklessly!
You are too injured to fight recklessly!
You are too injured to fight recklessly!
You are too injured to fight recklessly!
You are too injured to fight recklessly!
You hit the sleepcap but do no damage.
The sleepcap closely misses you. 😮 HP[+1] Unknown command.
You hit the sleepcap. You headbutt the sleepcap!
The sleepcap barely misses you.
You hit the sleepcap.
You headbutt the sleepcap, but do no damage.
The sleepcap releases spores at you. 😮 HP[-1]
You take 1 damage, and now have 25/37 hp.
You hit the sleepcap but do no damage.
The sleepcap releases spores at you. 😮 HP[-1]
You take 1 damage, and now have 24/37 hp.
You hit the sleepcap but do no damage. The sleepcap misses you. 😮 HP[+1]
You hit the sleepcap but do no damage. You headbutt the sleepcap.
The sleepcap closely misses you.
You hit the sleepcap but do no damage.
The sleepcap releases spores at you but does no damage.
Unknown command.
You hit the sleepcap.
The sleepcap releases spores at you. 😮 HP[-6]
You take 6 damage, and now have 19/37 hp.
You hit the sleepcap. You hit the sleepcap but do no damage.
The sleepcap barely misses you. 😮 HP[+1]
You hit the sleepcap but do no damage.
Your transformation is almost over.
The sleepcap releases spores at you.
* * * LOW HITPOINT WARNING * * *
You are engulfed in a cloud of soporific spores!
You fall asleep.
The sleepcap releases spores at you!!
Ouch! That really hurt!
You die...

Skill      XL: |  1  2  3  4  5 |
---------------+----------------+-----
Transmutations | 3 4 |  4.7
Poison Magic   | 1 2 |  2.0
Fighting       | |  1.1
Dodging        | |  2.6
Unarmed Combat | |  3.9
Spellcasting   | |  2.6

Action                     |  1- 3 |  4- 6 || total
---------------------------+-------+-------++-------
  Melee: Unarmed           |    90 |    90 ||   180
         Headbutt          |     6 |     6 ||    12
         Punch             |     2 |     5 ||     7
   Cast: Beastly Appendage |    21 |     7 ||    28
         Spider Form       |     1 |     2 ||     3
         Wereblood         |     1 |       ||     1
    Use: Scroll            |     5 |     2 ||     7
   Stab: Sleeping          |     1 |       ||     1
 Armour: Robe              |    20 |    18 ||    38
  Dodge: Dodged            |    60 |    56 ||   116

Levels and vault maps discovered:
D:1:      dpeg_arrival_rooms_with_view, layout_basic,
          hellmonk_ecumenical_altar_arch_garden
D:2:      layout_basic, serial_shops, shop, basic_altar, minmay_tetromino_l2
D:3:      wad_woods_stonehenge, layout_basic, tso_metal_star,
          lemuel_doored_altar

Notes
Turn   | Place    | Note
-------+----------+-------------------------------------------
     0 | D:1      | kae the Merfolk Transmuter began the quest for the Orb.
     0 | D:1      | Reached XP level 1. HP: 15/15 MP: 3/3
     0 | D:1      | magus.rc [v1.11.3]
    88 | D:1      | Reached skill level 3 in Transmutations
   133 | D:1      | Found a faded altar of an unknown god.
   190 | D:1      | Reached XP level 2. HP: 19/21 MP: 3/5
   584 | D:1      | Learned a level 2 spell: Wereblood
   626 | D:2      | Found Kysiwnef's Antique Armour Shop.
   628 | D:2      | Found a snail-covered altar of Cheibriados.
   649 | D:2      | Reached XP level 3. HP: 22/26 MP: 4/6
   655 | D:2      | Learned a level 3 spell: Spider Form
   703 | D:2      | You add the spells Momentum Strike, Iskenderun's Mystic
                  | Blast and Summon Forest to your library.
   703 | D:2      | Got the Information on the Wayfarer
   786 | D:2      | Reached skill level 4 in Transmutations
   786 | D:2      | HP: 6/26 [gnoll/+0 spear (7)]
   791 | D:2      | Reached skill level 1 in Poison Magic
   953 | D:2      | Reached XP level 4. HP: 32/32 MP: 7/7
  1509 | D:3      | Found a sparkling altar of Nemelex Xobeh.
  1600 | D:3      | Reached XP level 5. HP: 34/37 MP: 8/8
  1654 | D:3      | Reached skill level 2 in Poison Magic
  1668 | D:3      | Slain by a sleepcap

Vanquished Creatures
  3 gnolls
  3 adders
  3 worms
  A dart slug (D:1)
  3 orcs (D:3)
  3 endoplasms
  5 giant cockroaches
  A goblin (D:1)
  2 hobgoblins
  4 quokkas
  5 ball pythons
  2 bats (D:1)
  7 frilled lizards
  5 kobolds
  4 rats
51 creatures vanquished.

Table legend:
 A = Non-vault XP
 B = Vault XP
 C = Vault XP percentage of total XP
 D = Non-vault monster count
 E = Vault monster count
 F = Vault count percentage of total count
                 A         B        C        D         E       F
            +---------+---------+-------+---------+---------+-------
      Total |     104 |      64 |  38.1 |      42 |       9 |  17.6
            +---------+---------+-------+---------+---------+-------
        D:1 |      22 |       3 |  12.0 |      13 |       2 |  13.3
        D:2 |      48 |      15 |  23.8 |      20 |       1 |   4.8
        D:3 |      34 |      46 |  57.5 |       9 |       6 |  40.0
            +---------+---------+-------+---------+---------+-------

Skill      XL: |  1  2  3  4  5 |
---------------+----------------+-----
Transmutations | 3 4 |  4.7
Poison Magic   | 1 2 |  2.0
Fighting       | |  1.1
Dodging        | |  2.6
Unarmed Combat | |  3.9
Spellcasting   | |  2.6

Action                     |  1- 3 |  4- 6 || total
---------------------------+-------+-------++-------
  Melee: Unarmed           |    90 |    90 ||   180
         Headbutt          |     6 |     6 ||    12
         Punch             |     2 |     5 ||     7
   Cast: Beastly Appendage |    21 |     7 ||    28
         Spider Form       |     1 |     2 ||     3
         Wereblood         |     1 |       ||     1
    Use: Scroll            |     5 |     2 ||     7
   Stab: Sleeping          |     1 |       ||     1
 Armour: Robe              |    20 |    18 ||    38
  Dodge: Dodged            |    60 |    56 ||   116

Illustrated notes

Table legend:
 A = Kills in this place as a percentage of kills in the entire game.
 B = Kills by you in this place as a percentage of kills by you in the entire game.
 C = Kills by friends in this place as a percentage of kills by friends in the entire game.
 D = Other kills in this place as a percentage of other kills in the entire game.
 E = Experience gained in this place as a percentage of experience gained in the entire game.
 F = Experience gained in this place divided by the number of levels of this place that you have seen.
                   A       B       C       D       E      F
               +-------+-------+-------+-------+-------+----------------------
         Total | 100.0 | 100.0 |   N/A |   N/A | 100.0 |  56.0
       Dungeon | 100.0 | 100.0 |   N/A |   N/A | 100.0 |  56.0
               +-------+-------+-------+-------+-------+----------------------

Table legend: (Time is in decaauts)
 A = Elapsed time spent in this place.
 B = Non-inter-level travel time spent in this place.
 C = Inter-level travel time spent in this place.
 D = Time resting spent in this place.
 E = Time spent auto-exploring this place.
 F = Levels seen in this place.
 G = Mean time per level.
                   A        B        C        D        E       F      G
               +--------+--------+--------+--------+--------+-----+--------+
         Total |   1651 |   1608 |     43 |     18 |   1128 |   3 |  550.3 |
       Dungeon |   1651 |   1608 |     43 |     18 |   1128 |   3 |  550.3 |
               +--------+--------+--------+--------+--------+-----+--------+

Top non-repeatable levels by time:
     D:2: 624 daAuts
     D:1: 605 daAuts
     D:3: 421 daAuts
